 Dungeon Crawl Stone Soup version 0.28.0-43-g3370ac3207 (console) character file.

Game seed: 9856805237877089608

2030 Zeor the Carver (level 9, -1/72 HPs)
             Began as a Palentonga Fighter on Mar 14, 2022.
             Was an Initiate of Wu Jian.
             Slain by an orc warrior
             ... wielding a +0 dire flail
              (11 damage)
             ... on level 6 of the Dungeon.
             The game lasted 00:26:45 (6290 turns).

Zeor the Carver (Palentonga Fighter)                Turns: 6290, Time: 00:26:46

Health: -1/72      AC: 18    Str: 24    XL:     9   Next: 3%
Magic:  9/9        EV:  4    Int:  9    God:    Wu Jian [......]
Gold:   239        SH:  4    Dex:  9    Spells: 8/8 levels left

rFire   + . .      SeeInvis +   a - +0 long sword
rCold   + . .      Faith    .   c - +0 buckler
rNeg    . . .      Spirit   .   r - +0 plate armour
rPois   .          Reflect  .   h - +0 helmet
rElec   .          Harm     .   (no cloak)
rCorr   .          Rampage  .   (no gloves)
Will    .....                   (no barding)
Stlth   ..........              k - amulet of the acrobat
HPRegen 0.22/turn               p - ring of protection from cold
MPRegen 0.11/turn               t - ring of protection from fire

@: mighty, curled up
A: large, rugged brown scales 3, see invisible, deformed body, roll 1, armoured
tail, reflexive curl
a: Rolling Charge, Renounce Religion


You were on level 6 of the Dungeon.
You worshipped Wu Jian.
Wu Jian was noncommittal.
You visited 2 branches of the dungeon, and saw 7 of its levels.

You collected 239 gold pieces.

Inventory:

Hand Weapons
 a - a +0 long sword (weapon)
 m - a +1 bardiche of venom
Missiles
 i - 77 arrows
 o - 12 poisoned darts
 q - 28 bolts
 x - 3 javelins
Armour
 c - a +0 buckler (worn)
 h - a +0 helmet (worn)
 r - a +0 plate armour (worn)
Jewellery
 e - a +4 ring of evasion
 k - an amulet of the acrobat (around neck)
 p - a ring of protection from cold (left hand)
 t - a ring of protection from fire (right hand)
Wands
 l - a wand of acid (16)
Scrolls
 s - a scroll of magic mapping
 v - 2 scrolls of vulnerability
Potions
 b - a potion of degeneration {unknown}
 f - a potion of attraction
 g - a potion of flight
 j - 4 potions of mutation
 n - 3 potions of curing


   Skills:
 + Level 5.2 Fighting
 * Level 8.8 Long Blades
 + Level 4.7 Armour
 + Level 1.0 Dodging
 * Level 4.4 Shields


You had 8 spell levels left.
You didn't know any spells.
Your spell library contained the following spells:

 Spells                   Type           Power      Damage    Failure   Level
 Foxfire                  Conj/Fire      0%         2x1d4     100%        1
 Conjure Flame            Conj/Fire      0%         6-21      100%        3
 Dazzling Flash           Conj/Hex       0%         N/A       100%        3
 Inner Flame              Hex/Fire       0%         N/A       100%        3
 Tukima's Dance           Hex            0%         N/A       100%        3
 Anguish                  Hex/Necr       0%         N/A       100%        4
 Flame Wave               Conj/Fire      0%         2d4       100%        4
 Agony                    Necr           0%         N/A       100%        5
 Silence                  Hex/Air        0%         N/A       100%        5
 Enfeeble                 Hex            0%         N/A       100%        7


Dungeon Overview and Level Annotations

Branches:
Dungeon (6/15)             Temple (1/1) D:4

Altars:
Ashenzari
Cheibriados
Dithmenos
Elyvilon
Fedhas
Gozag
Kikubaaqudgha
Makhleb
Okawaru
Qazlal
Ru
Sif Muna
Vehumet
Wu Jian
Yredelemnul
Zin
The Shining One

Shops:
D:2 :   D:6 (


Innate Abilities, Weirdness & Mutations

You are completely covered in rugged brown scales. (AC +3, +7% HP)
You have supernaturally acute eyesight. (SInv)
Armour fits poorly on your strangely shaped body.
You can roll at nearby foes to attack.
You have a long armoured tail.
You curl defensively after being hit. (AC +7*)


Message History

An orc comes into view. It is wielding a +0 hand axe.
You slash the gnoll! You tail-slap the gnoll.
The gnoll is severely wounded.
The gnoll hits you with a +0 flail.
You closely miss the gnoll.
The gnoll is severely wounded.
An orc wizard comes into view. It is wielding a +0 dagger.
The gnoll hits you with a +0 flail!
You slash the gnoll!
You kill the gnoll!
The Council accepts your kill.
You hit the orc warrior but do no damage.
You block the orc warrior's attack.
You barely miss the orc warrior.
The orc warrior hits you with a +0 dire flail!!
You feel very mighty all of a sudden.
The orc warrior hits you but does no damage.
You are too injured to fight recklessly!
You are too injured to fight recklessly!
You slash the orc warrior!
The orc warrior is heavily wounded.
The orc warrior barely misses you.
You hit the orc warrior.
The orc warrior is severely wounded.
The orc warrior hits you with a +0 dire flail!
* * * LOW HITPOINT WARNING * * *
You closely miss the orc warrior. You tail-slap the orc warrior.
The orc warrior is severely wounded.
The orc warrior barely misses you.
You hit the orc warrior.
The orc warrior is almost dead.
The orc warrior hits you with a +0 dire flail!
* * * LOW HITPOINT WARNING * * *
You hit the orc warrior but do no damage.
The orc warrior is almost dead.
The orc warrior hits you but does no damage.
You hit the orc warrior.
Your tail-slap misses the orc warrior.
The orc warrior is almost dead.
The orc warrior hits you with a +0 dire flail!
You die... ∙∙∙∙∙∙∙∙∙▒ ∙ ∙∙∙∙∙∙∙∙∙▒▒▒ ∙∙ ∙∙∙∙∙∙∙∙∙■∙▒ ∙∙∙ ∙∙∙∙∙∙∙∙∙▒(▒ ∙oo∙ ∙∙∙∙∙∙∙∙∙▒∙▒▒∙∙∙∙∙ ∙∙∙∙∙∙∙∙∙∙∙∙∙∙∙∙∙∙

∙ ▒▒∙∙∙∙∙▒∙▒∙▒▒▒▒▒▒ ∙∙∙
▒†▒▒∙▒▒∙▒∙▒▒▒▒▒▒▒▒8∙∙∙∩
▒∙▒▒∙∙∙∙▒∙∙∙∙∙∙Hoooo∙∙g
▒∙▒▒▒▒▒▒▒▒▒▒▒▒▒▒▒▒▒▒∙∙∙
▒∙▒ ▒∙∙∙∙∙∙▒ ▒∙▒
▒∙▒▒▒▒∙▒ ▒∙▒ ▒∙▒∙∙▒∙▒
▒▒'▒▒▒▒▒∙▒∙∙▒∙▒
▒∙∙∙∙∙∙▒∙▒∙∙▒∙▒
∙∙∙∙∙∙∙▒∙▒<∙▒∙▒
∙∙∙∙∙∙∙▒∙▒∙▒▒∙▒


You could see 2 orc warriors, an orc wizard, a gnoll and an orc.

Vanquished Creatures
  A boulder beetle (D:6)
  Pikel (D:5)
  Sigmund (D:5)
  A black bear (D:5)
  An ice beast (D:5)
  3 scorpions
  A jelly (D:5)
  A bullfrog skeleton (D:6)
  3 orc priests (D:4)
  2 iguanas (D:5)
  2 orc wizards
  A gnoll (D:6)
  5 adders
  A shadow imp (D:5)
  An ufetubus (D:6)
  An adder skeleton (D:4)
  3 dart slugs
  11 orcs
  7 ball pythons
  9 bats
  5 endoplasms
  3 giant cockroaches
  12 goblins
  11 hobgoblins
  11 jackals
  4 kobolds
  6 quokkas
  8 frilled lizards
  8 rats
124 creatures vanquished.

Notes
Turn   | Place    | Note
-------+----------+-------------------------------------------
     0 | D:1      | Zeor the Palentonga Fighter began the quest for the Orb.
     0 | D:1      | Reached XP level 1. HP: 19/19 MP: 1/1
   158 | D:1      | Reached XP level 2. HP: 11/25 MP: 2/2
   486 | D:1      | Found a faded altar of an unknown god.
   682 | D:1      | Reached XP level 3. HP: 31/31 MP: 3/3
  1407 | D:2      | Reached skill level 3 in Long Blades
  1629 | D:2      | Reached XP level 4. HP: 32/37 MP: 4/4
  1878 | D:2      | Found Soolam's Book Emporium.
  2669 | D:3      | Reached XP level 5. HP: 43/43 MP: 5/5
  2790 | D:3      | Reached skill level 4 in Long Blades
  3791 | D:4      | Found a staircase to the Ecumenical Temple.
  3807 | Temple   | Entered the Ecumenical Temple
  3936 | Temple   | Became a worshipper of the Wu Jian Council
  4106 | D:4      | Reached XP level 6. HP: 13/50 MP: 6/6
  4546 | D:5      | Entered Level 5 of the Dungeon
  4631 | D:5      | Noticed an ice beast
  4639 | D:5      | Killed an ice beast
  4640 | D:5      | Reached skill level 5 in Long Blades
  4789 | D:5      | Noticed Sigmund
  4800 | D:5      | Killed Sigmund
  4801 | D:5      | Reached skill level 6 in Long Blades
  4801 | D:5      | Gained mutation: You curl defensively after being hit. (AC
                  | +7*) [Palentonga growth]
  4801 | D:5      | Reached XP level 7. HP: 47/57 MP: 7/7
  4824 | D:5      | Noticed Pikel
  4835 | D:5      | Killed Pikel
  4836 | D:5      | Reached skill level 7 in Long Blades
  4836 | D:5      | Reached skill level 1 in Dodging
  4836 | D:5      | Reached XP level 8. HP: 32/65 MP: 8/8
  5865 | D:6      | Noticed a boulder beetle
  5906 | D:6      | Killed a boulder beetle
  5907 | D:6      | Reached skill level 5 in Fighting
  5907 | D:6      | Reached skill level 8 in Long Blades
  5907 | D:6      | Reached XP level 9. HP: 12/72 MP: 9/9
  6274 | D:6      | Found Foamil's Weapon Shoppe.
  6290 | D:6      | Slain by an orc warrior

Illustrated notes

Levels and vault maps discovered:
D:1:      dpeg_arrival_stone_temple_mockup, layout_basic,
          hellmonk_ecumenical_altar_heavens_door
D:2:      layout_loops_ring, serial_shops, nicolae_shop_trees,
          nrook_loot_triangle
D:3:      cheibrodos_helix_gallery, layout_loops_corners
D:4:      layout_basic, minmay_temple_entry_slanted
D:5:      layout_loops_ring, uniq_pikel, uniq_sigmund
D:6:      layout_basic, ebering_ghost_rock_garden, nicolae_stop_n_shop_1,
          minmay_holes
Temple:   minmay_temple_bridge_d

Skill      XL: |  1  2  3  4  5  6  7  8 |
---------------+-------------------------+-----
Long Blades    | 3 4 6 7 8 |  8.8
Shields        | 3 4 |  4.4
Armour         | 3 4 |  4.7
Fighting       | 4 5 |  5.2
Dodging        | 1 |  1.0

Action                   |  1- 3 |  4- 6 |  7- 9 || total
-------------------------+-------+-------+-------++-------
Melee: Long sword        |   103 |   185 |   101 ||   389
       Tailslap          |     8 |    21 |    10 ||    39
Invok: Lunge             |       |     1 |       ||     1
 Abil: Rolling Charge    |    17 |    45 |    12 ||    74
  Use: Scroll            |     6 |     6 |     3 ||    15
       Potion            |       |       |     3 ||     3
Armor: Scale mail        |    48 |    39 |       ||    87
       Plate armour      |       |     3 |    66 ||    69
Dodge: Dodged            |    51 |    63 |    24 ||   138
Block: Buckler           |    21 |    23 |    23 ||    67
